 Dungeon Crawl Stone Soup version 0.19.5 (webtiles) character file.

106 vatarom the Gusty (level 4, 0/24 HPs)
             Began as a Tengu Air Elementalist on Mar 10, 2017.
             Succumbed to an orc's poison
             ... on level 3 of the Dungeon.
             The game lasted 00:04:18 (1598 turns).

vatarom the Gusty (Tengu Air Elementalist)          Turns: 1598, Time: 00:04:19

Health: 0/24       AC:  2    Str:  8    XL:     4   Next: 84%
Magic:  6/8        EV: 12    Int: 17    God:
Gold:   102        SH:  0    Dex: 14    Spells: 3 memorised, 2 levels left

rFire  . . .     SeeInvis .     d - +2 dagger (venom)
rCold  . . .     Gourm    .     a - +0 robe
rNeg   . . .     Faith    .     (no shield)
rPois  .         Spirit   .     (helmet restricted)
rElec  .         Reflect  .     (no cloak)
rCorr  .         Harm     .     (no gloves)
MR     .....                    (boots unavailable)
Stlth  ++........               (no amulet)
                                (no ring)
                                (no ring)

@: lethally poisoned (0 -> -30)
A: beak, talons 3
a: no special abilities


You were on level 3 of the Dungeon.
You were not hungry.

You visited 1 branch of the dungeon, and saw 3 of its levels.

You collected 102 gold pieces.

Inventory:

Hand Weapons
 d - a +2 dagger of venom (weapon)
Armour
 a - a +0 robe (worn)
Scrolls
 e - 2 scrolls of fear
 f - a scroll of amnesia
 g - a scroll of identify
Books
 b - a book of Air

   Spells                             Type                      Level
   a - Shock                          Conjuration/Air              1
   b - Swiftness                      Charms/Air                   2
   c - Repel Missiles                 Charms/Air                   2
   d - Static Discharge               Conjuration/Air              3
   e - Lightning Bolt                 Conjuration/Air              5
Comestibles
 c - 2 bread rations
 h - 4 chunks of flesh


   Skills:
 - Level 2.1 Dodging
 - Level 2.0 Stealth
 - Level 2.0 Spellcasting
 - Level 1.3 Conjurations
 + Level 7.1 Air Magic


You had 2 spell levels left.
You knew the following spells:

 Your Spells              Type           Power        Failure   Level  Hunger
a - Shock                 Conj/Air       ###.         3%          1    #......
b - Repel Missiles        Chrm/Air       ##....       10%         2    ###....
c - Swiftness             Chrm/Air       ##......     10%         2    ###....


Dungeon Overview and Level Annotations

Branches:
Dungeon (3/15)

Altars:
Elyvilon


Innate Abilities, Weirdness & Mutations

You have a beak for a mouth.
You have claws for feet.


Message History

The orc hits you with a dagger of venom.
You are more poisoned.
You closely miss the orc. Your kick misses the orc. Your peck misses the orc.
The orc is lightly wounded.
* * * LOW HITPOINT WARNING * * *
You feel sick.
The orc hits you with a dagger of venom.
* * * LOW HITPOINT WARNING * * *
You are more poisoned.
You aren't carrying any potions.
Casting: Shock
Confirm with . or Enter, or press ? or * to list all spells.
Aiming: Shock
Press: ? - help, Shift-Dir - straight line That beam is likely to hit you.
Continue anyway?
The zap hits you!
* * * LOW HITPOINT WARNING * * *
The zap misses the orc.
The zap hits the orc.
The orc is heavily wounded.
You die...

## .. #. #> #.
###. #..†## #o@##
##..## ##..## ####
##..# #.. ## ##.##
#.#
....##..#######.#
#........##...####
#####........)<..†
###..##...####


You could see an orc.

Vanquished Creatures
  An orc wizard (D:3)
  3 adders
  A leopard gecko (D:1)
  A ball python (D:1)
  A giant cockroach (D:1)
  5 goblins
  8 hobgoblins
  9 jackals (D:1)
  3 bats
  4 frilled lizards
  6 kobolds
  4 rats
46 creatures vanquished.

Notes
Turn   | Place    | Note
-------+----------+-------------------------------------------
     0 | D:1      | vatarom the Tengu Air Elementalist began the quest for the Orb.
     0 | D:1      | Reached XP level 1. HP: 10/10 MP: 4/4
   164 | D:1      | Reached XP level 2. HP: 11/15 MP: 3/6
   182 | D:1      | Learned a level 2 spell: Repel Missiles
   193 | D:1      | Learned a level 2 spell: Swiftness
   230 | D:1      | Reached skill level 5 in Air Magic
   425 | D:1      | Reached XP level 3. HP: 17/19 MP: 7/7
   878 | D:2      | Reached skill level 6 in Air Magic
   969 | D:2      | Reached XP level 4. HP: 9/24 MP: 5/8
  1537 | D:3      | Reached skill level 7 in Air Magic
  1557 | D:3      | Found a white marble altar of Elyvilon.
  1598 | D:3      | Succumbed to an orc's poison

Skill      XL: |  1  2  3  4 |
---------------+-------------+-----
Air Magic      | 5 6 7 |  7.1
Dodging        | |  2.1
Stealth        | |  2.0
Spellcasting   | |  2.0
Conjurations   | |  1.3

Action                   |  1- 3 |  4- 6 || total
-------------------------+-------+-------++-------
Melee: Dagger            |    56 |    18 ||    74
       Peck              |    10 |     2 ||    12
       Unarmed           |    11 |       ||    11
       Kick              |     5 |     5 ||    10
 Cast: Shock             |    17 |    11 ||    28
  Use: Scroll            |     8 |       ||     8
       Potion            |     4 |     1 ||     5
  Eat: Chunk             |       |     3 ||     3
Armor: Robe              |     9 |     1 ||    10
       Skin              |     7 |       ||     7
Dodge: Dodged            |    51 |    11 ||    62
